 Dungeon Sprint DCSS version 0.19-a0-895-gdbd5520 (webtiles) character file.

12033 LORDOFBUTT the Warrior (level 11, -3/115 HPs)
             Began as a Demonspawn Berserker on July 5, 2016.
             Was the Champion of Trog.
             Killed by divine providence
             ... invoked by an orc high priest
              (17 damage)
             ... in the Dungeon (Sprint IX: "|||||||||||||||||||||||||||||").
             The game lasted 00:05:54 (2499 turns).

LORDOFBUTT the Warrior (Demonspawn Berserker)       Turns: 2499, Time: 00:05:55

Health: -3/115     AC: 18    Str: 22    XL:     11   Next: 57%
Magic:  11/11      EV: 11    Int: 10    God:    Trog [******]
Gold:   1180       SH:  0    Dex: 18    Spells: 0 memorised, 10 levels left

rFire  + . .     SeeInvis .     y - +0 whip (elec)
rCold  . . .     Gourm    .     q - +1 scale mail
rNeg   . . .     Faith    .     (no shield)
rPois  .         Spirit   .     a - +0 hat
rElec  .         Dismiss  .     x - +0 cloak
rCorr  .         Reflect  .     p - +2 pair of gloves
SustAt .         Harm     .     (no boots)
MR     .....     NoTele   +     (no amulet)
Stlth  ..........               n - +3 ring of dexterity
                                m - +2 ring of protection

@: mighty, exhausted, very slightly contaminated, not resistant to hostile
enchantments, extremely unstealthy
A: talons 1, rugged brown scales 2, demonic guardian 2, fire resistance 1
a: Berserk, Trog's Hand, Brothers in Arms, Burn Spellbooks, Renounce Religion


You were in the Dungeon.
You worshipped Trog.
Trog was exalted by your worship.
You were hungry.

You visited 1 branch You collected 1180 gold pieces.

Inventory:

Hand Weapons
 v - a +2 great mace of protection
 y - a +0 whip of electrocution (weapon)
Armour
 a - a +0 hat (worn)
 p - a +2 pair of gloves (worn)
 q - a +1 scale mail (worn)
 x - a +0 cloak (worn)
Jewellery
 m - a +2 ring of protection (left hand)
 n - a +3 ring of dexterity (right hand)
Wands
 l - a wand of acid (6/15)
Scrolls
 i - 2 scrolls of blinking
 k - 4 scrolls of remove curse
 r - a scroll of fog
 s - a scroll of recharging
 t - a scroll of fear
Potions
 b - 2 potions of agility
 d - 4 potions of curing
 f - a potion of haste
 g - 4 potions of magic
 h - 2 potions of berserk rage
 j - a potion of invisibility
Comestibles
 o - 40 fruits
 u - 12 bread rations
 w - 11 meat rations


   Skills:
 + Level 18.6 Fighting
 - Level 17.3 Maces & Flails
 * Level 8.5 Armour
 - Level 2.1 Dodging


You had 10 spell levels left.
You didn't know any spells.

Dungeon Overview and Level Annotations

Branches:
Dungeon (1/1)

Altars:
Cheibriados
Dithmenos
Elyvilon
Fedhas
Gozag
Hepliaklqana
Kikubaaqudgha
Makhleb
Nemelex Xobeh
Okawaru
Pakellas
Qazlal
Ru
Sif Muna
Trog
Uskayaw
Vehumet
Xom
Yredelemnul
Zin
The Shining One
Beogh
Jiyva
Lugonu

Shops:
D (%*%


Innate Abilities, Weirdness & Mutations

You have sharp toenails.
You are mostly covered in rugged brown scales. (AC +2, +5% HP)
A demonic guardian rushes to your aid.
Your flesh is heat resistant. (rF+)


Message History

You hit the orc high priest but do no damage.
There is a sudden explosion of sparks!
The orc high priest is moderately wounded.
You feel better.
The orc high priest is no longer covered in acid.
Your sixfirhy hits the ice devil!
Your sixfirhy shocks the ice devil!
Your sixfirhy hits the ice devil but does no damage.
Your sixfirhy hits the ice devil!
Your sixfirhy shocks the ice devil!
Your sixfirhy hits the ice devil but does no damage.
The ice devil hits your sixfirhy. The ice devil freezes your sixfirhy!
The orc high priest hits you but does no damage.
You feel very mighty all of a sudden.
Your sixfirhy hits the ice devil but does no damage. x2
Your sixfirhy closely misses the ice devil.
Your sixfirhy hits the ice devil but does no damage.
The ice devil hits your sixfirhy! The ice devil freezes your sixfirhy!
Your sixfirhy dies!
The orc high priest mumbles some strange prayers to Beogh against you.
Beogh smites you!
You die...

▓▓▓▓▓▓▓▓▓▓▓▓▓▓▓▓▓▓▓▓▓▓▓▓▓▓▓▓▓▓▓▓▓
'.)....o))).)4oo@4.....))))).....
▓▓▓▓▓▓▓▓▓▓▓▓▓▓▓▓▓▓▓▓▓▓▓▓▓▓▓▓▓▓▓▓▓
..............................(..
▓▓▓▓▓▓▓▓▓▓▓▓▓▓▓▓▓▓▓▓▓▓▓▓▓▓▓▓▓▓▓▓▓
.÷.......÷..÷..)...÷)÷....|......
▓▓▓▓▓▓▓▓▓▓▓▓▓▓▓▓▓▓▓▓▓▓▓▓▓▓▓▓▓▓▓▓▓
.................................
▓▓▓▓▓▓▓▓▓▓▓▓▓▓▓▓▓▓▓▓▓▓▓▓▓▓▓▓▓▓▓▓▓
________________________'...†)'..


You could see 2 orc high priests and 2 ice devils.

Vanquished Creatures
  Harold (D)
  4 orc high priests (D)
  An unseen horror (D)
  A manticore (D)
  A griffon (D)
  8 elephants (D)
  3 black mambas (D)
  A troll (D)
  2 yaks (D)
  A porcupine (D)
  3 water moccasins (D)
  7 orc warriors (D)
  An ogre (D)
  2 crocodiles (D)
  3 giant frogs (D)
  A big kobold (D)
  A scorpion (D)
  A wight (D)
  6 orc priests (D)
  2 orc wizards (D)
  A worker ant (D)
  A river rat (D)
  A dart slug (D)
  4 orcs (D)
  A bat zombie (D)
  A goblin (D)
  A jackal (D)
  A kobold (D)
  A bat (D)
  A giant newt (D)
63 creatures vanquished.

Vanquished Creatures (collateral kills)
  An orc high priest (D)
  An orc knight (D)
  A spiny frog (D)
  A rime drake (D)
  A komodo dragon (D)
  A hippogriff (D)
  6 orc warriors (D)
  A giant frog (D)
  A crimson imp (D)
  4 orc priests (D)
  A river rat (D)
  2 orcs (D)
21 creatures vanquished.

Grand Total: 84 creatures vanquished

Notes
Turn   | Place    | Note
-------+----------+-------------------------------------------
     0 | D        | LORDOFBUTT the Demonspawn Berserker began the quest for the Orb.
     0 | D        | Reached XP level 1. HP: 18/18 MP: 1/1
    16 | D        | Reached ** piety under Trog
   159 | D        | Noticed a crimson imp
   159 | D        | Noticed a scorpion
   159 | D        | Noticed an ogre
   164 | D        | Reached *** piety under Trog
   164 | D        | Gained mutation: A weak demonic guardian rushes to your aid. [demonic ancestry]
   164 | D        | Reached XP level 2. HP: 25/25 MP: 2/2
   169 | D        | Killed an ogre
   169 | D        | Reached skill level 6 in Fighting
   169 | D        | Gained mutation: Your flesh is heat resistant. (rF+) [demonic ancestry]
   169 | D        | Reached XP level 3. HP: 35/35 MP: 3/3
   169 | D        | Gained mutation: You have sharp toenails. [demonic ancestry]
   169 | D        | Reached XP level 4. HP: 41/41 MP: 4/4
   176 | D        | Reached **** piety under Trog
   176 | D        | Reached skill level 7 in Fighting
   176 | D        | Reached XP level 5. HP: 34/49 MP: 5/5
   258 | D        | Found a glowing silver altar of Zin.
   258 | D        | Found a glowing golden altar of the Shining One.
   258 | D        | Found an ancient bone altar of Kikubaaqudgha.
   258 | D        | Found a basalt altar of Yredelemnul.
   258 | D        | Found a shimmering altar of Xom.
   258 | D        | Found a radiant altar of Vehumet.
   259 | D        | Found an iron altar of Okawaru.
   260 | D        | Found a burning altar of Makhleb.
   261 | D        | Found a deep blue altar of Sif Muna.
   262 | D        | Found a bloodstained altar of Trog.
   263 | D        | Found a sparkling altar of Nemelex Xobeh.
   264 | D        | Found a white marble altar of Elyvilon.
   265 | D        | Found a roughly hewn altar of Beogh.
   266 | D        | Found a viscous altar of Jiyva.
   267 | D        | Found a corrupted altar of Lugonu.
   268 | D        | Found a blossoming altar of Fedhas.
   269 | D        | Found a snail-covered altar of Cheibriados.
   270 | D        | Found a shadowy altar of Dithmenos.
   271 | D        | Found a stormy altar of Qazlal.
   272 | D        | Found an opulent altar of Gozag.
   273 | D        | Found a sacrificial altar of Ru.
   274 | D        | Found an oddly glowing altar of Pakellas.
   275 | D        | Found a hide-covered altar of Uskayaw.
   276 | D        | Found a hazy altar of Hepliaklqana.
   331 | D        | Noticed an orc warrior
   357 | D        | Reached skill level 8 in Fighting
   371 | D        | Killed an unseen horror
   371 | D        | Reached skill level 11 in Fighting
   371 | D        | Reached skill level 10 in Maces & Flails
   371 | D        | Reached XP level 6. HP: 57/64 MP: 6/6
   371 | D        | Gained mutation: You are partially covered in rugged brown scales. (AC +1, +3% HP) [demonic ancestry]
   371 | D        | Reached XP level 7. HP: 57/71 MP: 7/7
   374 | D        | Reached skill level 12 in Fighting
   383 | D        | Reached ***** piety under Trog
   591 | D        | Noticed a troll
   591 | D        | Noticed a manticore
   591 | D        | Noticed a griffon
   602 | D        | Killed a griffon
   602 | D        | Received a gift from Trog
   602 | D        | Reached skill level 13 in Fighting
   602 | D        | Gained mutation: A demonic guardian rushes to your aid. [demonic ancestry]
   602 | D        | Reached XP level 8. HP: 81/81 MP: 8/8
   610 | D        | Killed a manticore
   614 | D        | Killed a troll
   614 | D        | Reached skill level 14 in Fighting
   614 | D        | Gained mutation: You are mostly covered in rugged brown scales. (AC +2, +5% HP) [demonic ancestry]
   614 | D        | Reached XP level 9. HP: 58/91 MP: 9/9
   916 | D        | Noticed a black mamba
   919 | D        | Noticed a rime drake
   921 | D        | Received a gift from Trog
   935 | D        | Killed a black mamba
   935 | D        | Reached skill level 15 in Fighting
   945 | D        | Killed a rime drake
  1106 | D        | Received a gift from Trog
  1114 | D        | Noticed a spiny frog
  1114 | D        | Noticed a black mamba
  1114 | D        | Noticed a black mamba
  1117 | D        | Reached ****** piety under Trog
  1121 | D        | Killed a black mamba
  1122 | D        | Noticed a komodo dragon
  1134 | D        | Killed a black mamba
  1134 | D        | Reached XP level 10. HP: 102/102 MP: 10/10
  1139 | D        | Killed a spiny frog
  1139 | D        | Reached skill level 16 in Fighting
  1139 | D        | Reached skill level 15 in Maces & Flails
  1147 | D        | Received a gift from Trog
  1421 | D        | Noticed an elephant
  1421 | D        | Noticed an elephant
  1421 | D        | Noticed an elephant
  1421 | D        | Noticed an elephant
  1421 | D        | Noticed an elephant
  1421 | D        | Noticed an elephant
  1429 | D        | Killed an elephant
  1431 | D        | Noticed an elephant
  1434 | D        | Killed an elephant
  1435 | D        | Noticed an elephant
  1439 | D        | Killed an elephant
  1445 | D        | Killed an elephant
  1453 | D        | Killed an elephant
  1460 | D        | Killed an elephant
  1460 | D        | Reached skill level 17 in Fighting
  1464 | D        | Killed an elephant
  1464 | D        | Received a gift from Trog
  1469 | D        | Killed an elephant
  1809 | D        | Noticed Harold
  1826 | D        | Killed Harold
  1826 | D        | Reached XP level 11. HP: 103/112 MP: 11/11
  1862 | D        | Received a gift from Trog
  1889 | D        | Received a gift from Trog
  1963 | D        | Noticed an orc knight
  1979 | D        | Received a gift from Trog
  1992 | D        | Killed an orc knight
  2410 | D        | Found Laom's Food Boutique.
  2410 | D        | Noticed an orc high priest
  2410 | D        | Noticed an orc high priest
  2410 | D        | Noticed an orc high priest
  2411 | D        | Noticed an orc high priest
  2416 | D        | Found Foloof's General Store.
  2416 | D        | Noticed an orc high priest
  2418 | D        | Received a gift from Trog
  2425 | D        | Killed an orc high priest
  2425 | D        | Reached skill level 18 in Fighting
  2425 | D        | Reached skill level 5 in Armour
  2441 | D        | Noticed a sun demon
  2442 | D        | Killed an orc high priest
  2443 | D        | Found Juusiff's Food Boutique.
  2449 | D        | Killed an orc high priest
  2454 | D        | Killed an orc high priest
  2455 | D        | Found Meojirru's Antique Weapon Shop.
  2463 | D        | Noticed an orc high priest
  2464 | D        | Killed an orc high priest
  2471 | D        | Noticed an orc high priest
  2491 | D        | Received a gift from Trog
  2499 | D        | Killed from afar by an orc high priest

Vault maps used:
D:        linesprint

Skill      XL: |  1  2  3  4  5  6  7  8  9 10 11 |
---------------+----------------------------------+-----
Maces & Flails | 3 6 7 10 11 12 14 17 | 17.3
Armour         | 2 8 |  8.5
Dodging        | 2 |  2.1
Fighting       | 6 7 11 13 14 15 17 18 | 18.6

Action                   |  1- 3 |  4- 6 |  7- 9 | 10-12 || total
-------------------------+-------+-------+-------+-------++-------
Melee: Mace              |    23 |    22 |    68 |       ||   113
       Kick              |       |    10 |    34 |    67 ||   111
       Great mace        |       |       |    23 |    81 ||   104
       Whip              |       |       |       |    66 ||    66
Invok: Berserk           |     2 |     1 |     3 |     4 ||    10
Evoke: Wand              |       |       |       |     1 ||     1
  Use: Scroll            |       |       |     2 |     1 ||     3
       Potion            |       |       |       |     8 ||     8
  Eat: Bread ration      |       |       |     1 |       ||     1
       Chunk             |       |       |     1 |     4 ||     5
       Meat ration       |       |       |       |     1 ||     1
Armor: Animal skin       |     3 |       |       |       ||     3
       Scale mail        |       |     4 |    47 |    68 ||   119
Dodge: Dodged            |    12 |    14 |    41 |    62 ||   129
